[Event "ICC Open 2015"]
[Site "Internet Chess Club"]
[Date "2015.05.30"]
[Round "11"]
[White "lemanofzorn"]
[Black "mrmofongo17"]
[Result "0-1"]
[ICCResult "White checkmated"]
[WhiteElo "1440"]
[BlackElo "1851"]
[Opening "QGD: Cambridge Springs defense"]
[ECO "D52"]
[NIC "QO.15"]
[Time "16:14:15"]
[TimeControl "180+0"]

1. d4 d5 2. c4 e6 3. Nc3 Nf6 4. Bg5 Nbd7 5. Nf3 c6 6. e3 Qa5 7. Bd3 Bb4 8.
c5 Bxc3+ 9. bxc3 Qxc3+ 10. Kf1 Ne4 11. Bxe4 dxe4 12. Nd2 f5 13. Rc1 Qd3+ 14.
Kg1 h6 15. Bf4 O-O 16. Bd6 Rf6 17. f3 Qxe3+ 18. Kf1 b6 19. fxe4 Ba6+ 20. Rc4
fxe4+ 21. Nf3 Bxc4+ 22. Qe2 Rxf3+ 23. gxf3 Qxf3+ 24. Ke1 Qxh1+ 25. Kd2 Bxe2
26. Kxe2 Qf3+ 27. Ke1 bxc5 28. dxc5 Qe3+ 29. Kd1 Nxc5 30. Bxc5 Qxc5 31. a4
Qg1+ 32. Ke2 Qxh2+ 33. Ke3 Qa2 34. Kxe4 Qxa4+ 35. Ke5 Qc4 36. Kd6 e5 37.
Kxe5 Qd5+ 38. Kf4 Rf8+ 39. Ke3 Rf3+ 40. Ke2 Qd3+ 41. Ke1 Rf1# {White
checkmated} 0-1

[Event "ICC Open 2015"]
[Site "Internet Chess Club"]
[Date "2015.05.30"]
[Round "11"]
[White "richbe"]
[Black "Ramanip15"]
[Result "0-1"]
[ICCResult "White checkmated"]
[WhiteElo "2006"]
[BlackElo "1869"]
[Opening "Sicilian: Grand Prix attack"]
[ECO "B23"]
[NIC "SI.44"]
[Time "16:14:07"]
[TimeControl "180+0"]

1. e4 c5 2. Nc3 Nc6 3. f4 g6 4. Nf3 Bg7 5. Bb5 Nd4 6. Bd3 d6 7. Nxd4 cxd4 8.
Ne2 e6 9. c3 dxc3 10. dxc3 Ne7 11. Be3 O-O 12. O-O a6 13. a4 Bd7 14. a5 Nc6
15. Bb6 Qe7 16. Ng3 f5 17. Qd2 e5 18. fxe5 dxe5 19. Rae1 f4 20. Nh1 g5 21.
Qf2 Rf6 22. Bc4+ Kh8 23. Rd1 g4 24. Qh4 Be6 25. Bxe6 Qxe6 26. Nf2 Rg6 27.
Bc5 Rg8 28. Rd6 Qf7 29. Rxg6 Qxg6 30. Qxg4 Qf7 31. Qf5 Qc4 32. Bb6 Qb5 33.
b4 Qe2 34. Ng4 Bf8 35. Nf6 Qxg2# {White checkmated} 0-1

[Event "ICC Open 2015"]
[Site "Internet Chess Club"]
[Date "2015.05.30"]
[Round "11"]
[White "Kempka"]
[Black "Iandmyself"]
[Result "1-0"]
[ICCResult "Black resigns"]
[WhiteElo "2753"]
[BlackElo "2522"]
[Opening "Queen's Indian: old main line, 6.O-O"]
[ECO "E17"]
[NIC "QI.07"]
[Time "16:14:15"]
[TimeControl "180+0"]

1. d4 Nf6 2. c4 e6 3. Nf3 b6 4. g3 Bb7 5. Bg2 Be7 6. O-O O-O 7. Re1 Qc8 8.
Bd2 Ne4 9. Qc2 d6 10. Nc3 Nxd2 11. Qxd2 Nd7 12. e4 Bf6 13. Rad1 e5 14. d5 g6
15. h4 Bg7 16. Bh3 Qd8 17. h5 Nf6 18. hxg6 hxg6 19. Kg2 Bc8 20. Rh1 Bxh3+
21. Rxh3 Qd7 22. Rdh1 Rfe8 23. Nh4 Kf8 24. f3 Ke7 25. Qg5 Rh8 26. f4 exf4
27. gxf4 Qg4+ 28. Qxg4 Nxg4 29. Kf3 Bxc3 30. bxc3 Rxh4 31. Rxh4 Nf6 32. Rh8
Rxh8 33. Rxh8 a5 34. e5 Nh5 35. Rh7 Kf8 36. e6 {Black resigns} 1-0

[Event "ICC Open 2015"]
[Site "Internet Chess Club"]
[Date "2015.05.30"]
[Round "11"]
[White "Judge-Dread"]
[Black "Cramagica"]
[Result "1-0"]
[ICCResult "Black forfeits on time"]
[WhiteElo "1133"]
[BlackElo "1122"]
[Opening "KP: Indian opening"]
[ECO "C20"]
[NIC "KP.10"]
[Time "16:14:01"]
[TimeControl "180+0"]

1. e4 e5 2. d3 c5 3. Nf3 Nc6 4. Nc3 Nf6 5. Bg5 Be7 6. Bxf6 Bxf6 7. Nd5 d6 8.
c3 Bg4 9. Be2 h6 10. h3 Be6 11. Nxf6+ Qxf6 12. O-O O-O 13. d4 cxd4 14. cxd4
Nxd4 15. Nxd4 exd4 16. Qd3 Rfd8 17. b3 b6 18. Rac1 Rac8 19. a4 Rc3 20. Qd2
Rdc8 21. Rxc3 dxc3 22. Qc2 d5 23. exd5 Bxd5 24. Bd3 g6 25. Rc1 Bb7 26. Qe2
Kg7 27. Rc2 a5 28. Ba6 Bxa6 29. Qxa6 Rc5 30. Qb7 Qe6 31. Kf1 Qc6 32. Qe7 Qe6
33. Qb7 Qd6 34. Qf3 Qf6 35. Qd3 {Black forfeits on time} 1-0

[Event "ICC Open 2015"]
[Site "Internet Chess Club"]
[Date "2015.05.30"]
[Round "11"]
[White "A4-H5"]
[Black "golpeador"]
[Result "0-1"]
[ICCResult "White resigns"]
[WhiteElo "1672"]
[BlackElo "2201"]
[Opening "French: advance, Wade variation"]
[ECO "C02"]
[NIC "FR.03"]
[Time "16:13:53"]
[TimeControl "180+0"]

1. e4 e6 2. d4 d5 3. e5 c5 4. c3 Bd7 5. Nf3 Qb6 6. Bd3 Bb5 7. a4 Bxd3 8.
Qxd3 Qa6 9. Qe2 cxd4 10. cxd4 Bb4+ 11. Nc3 Ne7 12. Bd2 Qxe2+ 13. Nxe2 Bxd2+
14. Kxd2 Nbc6 15. g4 Kd7 16. Rhb1 Rac8 17. b4 h5 18. h3 b6 19. a5 b5 20. a6
f6 21. exf6 gxf6 22. Nc3 hxg4 23. hxg4 Rh3 24. Ke2 Rxf3 25. Kxf3 Nxd4+ 26.
Kg3 Rxc3+ 27. Kg2 Rc4 28. Ra3 Ng6 29. Ra2 Nf4+ 30. Kg3 e5 31. Rab2 Rc3+ 32.
Kh2 Nf3+ 33. Kh1 Ng5 34. Kg1 Nf3+ 35. Kh1 Rc8 36. Rb3 {White resigns} 0-1

[Event "ICC Open 2015"]
[Site "Internet Chess Club"]
[Date "2015.05.30"]
[Round "11"]
[White "regenmaker"]
[Black "Satyricon"]
[Result "1/2-1/2"]
[ICCResult "Game drawn by repetition"]
[WhiteElo "1899"]
[BlackElo "2205"]
[Opening "Queen's pawn game"]
[ECO "A46"]
[NIC "QP.06"]
[Time "16:13:43"]
[TimeControl "180+0"]

1. d4 Nf6 2. Nf3 e6 3. g3 d5 4. Bg2 b5 5. O-O Bb7 6. c3 c5 7. Bg5 Nbd7 8.
Nbd2 Be7 9. Re1 O-O 10. Ne5 Nxe5 11. dxe5 Ne4 12. Bxe7 Qxe7 13. Nxe4 dxe4
14. Qc2 f5 15. exf6 Qxf6 16. e3 Qe5 17. Rad1 Rf7 18. Re2 Raf8 19. Rdd2 h5
20. h4 Bd5 21. b3 c4 22. b4 Rf5 23. Rd4 g5 24. Bxe4 gxh4 25. Bxd5 exd5 26.
Rxh4 Kh8 27. Rd2 Rxf2 28. Rxh5+ Qxh5 29. Rxf2 Rg8 30. Rh2 Rxg3+ 31. Kh1 Rh3
32. Rxh3 Qxh3+ 33. Qh2 Qxh2+ 34. Kxh2 Kg7 35. Kg3 Kf6 36. Kf4 Ke6 37. e4
dxe4 38. Kxe4 Kd6 39. Kf5 Kd5 40. a3 a6 41. Kf4 Kd6 42. Ke4 Ke6 43. Kd4 Kd6
44. Ke4 Ke6 45. Kd4 Kd6 46. Ke4 {Game drawn by repetition} 1/2-1/2

[Event "ICC Open 2015"]
[Site "Internet Chess Club"]
[Date "2015.05.30"]
[Round "11"]
[White "Govindan"]
[Black "LordKinbote"]
[Result "0-1"]
[ICCResult "White checkmated"]
[WhiteElo "1482"]
[BlackElo "1413"]
[Opening "Giuoco Pianissimo"]
[ECO "C55"]
[NIC "IG.01"]
[Time "16:13:21"]
[TimeControl "180+0"]

1. e4 e5 2. Nf3 Nc6 3. Bc4 Nf6 4. d3 Bc5 5. c3 d6 6. O-O Be6 7. Bb3 h6 8.
Bc2 a5 9. Nbd2 b5 10. a4 b4 11. c4 Nd4 12. Nxd4 Bxd4 13. b3 Bxa1 14. Nf3 c5
15. Be3 Bd4 16. Bd2 Bg4 17. Qe1 Bxf3 18. gxf3 Nh5 19. Kh1 Nf4 20. Rg1 g5 21.
Qf1 Qd7 22. Bd1 O-O-O 23. Rg4 Rdg8 24. Bc2 h5 25. Rg3 f6 26. Bb1 Qh7 27. Bc2
h4 28. Rg4 h3 29. Qg1 Ne2 30. Qf1 Nf4 31. Qg1 Qf7 32. Qf1 Rh5 33. Qg1 Qh7
34. Qf1 f5 35. Rg3 g4 36. fxg4 Rxg4 37. Bxf4 exf4 38. exf5 Qxf5 39. Rxg4
Qxg4 40. Qe1 Qf3+ 41. Kg1 Qg2# {White checkmated} 0-1

[Event "ICC Open 2015"]
[Site "Internet Chess Club"]
[Date "2015.05.30"]
[Round "11"]
[White "livis"]
[Black "CapitalG"]
[Result "0-1"]
[ICCResult "White forfeits on time"]
[WhiteElo "1928"]
[BlackElo "2717"]
[Opening "Sicilian"]
[ECO "B50"]
[NIC "SI.01"]
[Time "16:14:06"]
[TimeControl "180+0"]

1. e4 c5 2. Nf3 d6 3. Be2 Nf6 4. d3 Nc6 5. c4 e5 6. Nc3 h6 7. O-O Be7 8. Nd5
O-O 9. Nxe7+ Qxe7 10. Be3 Ne8 11. h3 Nc7 12. Nd2 Ne6 13. f3 Ncd4 14. Nb3 Nc6
15. Qd2 Kh7 16. g4 a5 17. a3 a4 18. Nc1 Ncd4 19. Rf2 Qh4 20. Kh2 g6 21. Rg2
Ng5 22. Bxg5 hxg5 23. Rg3 Kg7 24. Rb1 Rh8 25. Na2 Ne6 26. Bf1 Nf4 27. Nc3 f5
28. Ne2 fxg4 29. fxg4 Bxg4 30. Ng1 Be6 31. Re1 g4 32. Ree3 Qg5 33. Qe1 Nh5
34. Rg2 Raf8 35. Reg3 Nxg3 36. Rxg3 Qf4 37. Bg2 gxh3 {White forfeits on
time} 0-1

[Event "ICC Open 2015"]
[Site "Internet Chess Club"]
[Date "2015.05.30"]
[Round "11"]
[White "jps7"]
[Black "tristanfran"]
[Result "1-0"]
[ICCResult "Black resigns"]
[WhiteElo "1597"]
[BlackElo "1783"]
[Opening "Queen's pawn game"]
[ECO "D02"]
[NIC "QP.08"]
[Time "16:14:02"]
[TimeControl "180+0"]

1. d4 d5 2. Nf3 e6 3. e3 c5 4. b3 Nc6 5. a3 Nf6 6. Bb2 Be7 7. Bd3 O-O 8. O-O
a6 9. Ne5 Nd7 10. f4 f6 11. Bxh7+ Kxh7 12. Qh5+ Kg8 13. Ng6 Qe8 14. Rf3 f5
15. Rh3 Nf6 16. Qh8+ Kf7 17. Nxf8 Qxf8 18. Qh4 Ke8 19. dxc5 Bxc5 20. Bxf6
Qxf6 21. Qxf6 gxf6 22. Nd2 Kd7 23. b4 Bb6 24. c4 d4 25. c5 dxe3 26. Nc4 Bc7
27. Rxe3 Bxf4 28. Rf3 Be5 29. Rd1+ Kc7 30. Nb6 Ra7 31. Rfd3 a5 32. b5 Nb8
33. Nxc8 Kxc8 34. Rd8+ Kc7 35. b6+ {Black resigns} 1-0

[Event "ICC Open 2015"]
[Site "Internet Chess Club"]
[Date "2015.05.30"]
[Round "11"]
[White "Muravey"]
[Black "outubro2"]
[Result "0-1"]
[ICCResult "White resigns"]
[WhiteElo "1804"]
[BlackElo "1719"]
[Opening "Sicilian"]
[ECO "B50"]
[NIC "SI.01"]
[Time "16:14:55"]
[TimeControl "180+0"]

1. e4 c5 2. Nf3 d6 3. c3 Nf6 4. h3 Nc6 5. Bd3 e5 6. Bc2 Be7 7. O-O O-O 8. d4
cxd4 9. cxd4 exd4 10. Nxd4 d5 11. exd5 Qxd5 12. Nxc6 Qxc6 13. Nc3 Be6 14.
Bg5 Rfd8 15. Qe2 h6 16. Bxf6 Bxf6 17. Be4 Qb6 18. Rac1 Rac8 19. Qf3 Qxb2 20.
Rc2 Rxc3 21. Rxb2 Rxf3 22. Rxb7 Ra3 23. Rfb1 Rxa2 24. Rb8 Rd2 25. R1b7 g6
26. g3 Kg7 27. Rxd8 Rxd8 28. Rxa7 Rd2 29. Ra5 Bd4 30. Bd5 Bxd5 {White
resigns} 0-1

[Event "ICC Open 2015"]
[Site "Internet Chess Club"]
[Date "2015.05.30"]
[Round "11"]
[White "PCC"]
[Black "grancaruso"]
[Result "1-0"]
[ICCResult "Black resigns"]
[WhiteElo "2116"]
[BlackElo "1823"]
[Opening "English: symmetrical, Benoni formation"]
[ECO "A31"]
[NIC "EO.46"]
[Time "16:13:56"]
[TimeControl "180+0"]

1. d4 Nf6 2. c4 c5 3. Nf3 cxd4 4. Nxd4 Nc6 5. Nc3 Nxd4 6. Qxd4 g6 7. e4 Bg7
8. e5 Ng8 9. Bf4 d6 10. O-O-O Bg4 11. f3 dxe5 12. Bxe5 Qxd4 13. Bxd4 Bxd4
14. Rxd4 Be6 15. b3 a6 16. Kb2 Nf6 17. h4 Rd8 18. Rxd8+ Kxd8 19. Be2 Kc7 20.
g4 h6 21. Rd1 g5 22. b4 b6 23. Nd5+ Bxd5 24. cxd5 Rd8 25. Bxa6 Rxd5 26. Rc1+
Kd6 27. Bc4 Rd2+ 28. Kc3 Rf2 29. Rd1+ Ke5 30. Re1+ Kf4 31. hxg5 Rxf3+ 32.
Kc2 hxg5 33. Rxe7 Rf2+ 34. Kb3 Kxg4 35. Rxf7 Ne4 36. Rxf2 Nxf2 37. a4 Kg3
38. a5 bxa5 39. bxa5 Ne4 40. Bd5 Nc5+ 41. Kc4 Na6 42. Bb7 Nb8 43. Kc5 g4 44.
Kd6 Kf2 45. Kc7 Na6+ 46. Bxa6 g3 47. Bb7 g2 48. Bxg2 Kxg2 49. a6 {Black
resigns} 1-0

[Event "ICC Open 2015"]
[Site "Internet Chess Club"]
[Date "2015.05.30"]
[Round "11"]
[White "ehkopean"]
[Black "Agilemaster"]
[Result "1-0"]
[ICCResult "Black resigns"]
[WhiteElo "1777"]
[BlackElo "1960"]
[Opening "Ruy Lopez: Schliemann defense"]
[ECO "C63"]
[NIC "RL.06"]
[Time "16:13:34"]
[TimeControl "180+0"]

1. e4 e5 2. Nf3 Nc6 3. Bb5 f5 4. d3 fxe4 5. dxe4 Nf6 6. Nc3 Bc5 7. O-O d6 8.
Bg5 O-O 9. Nd5 Kh8 10. Nxf6 gxf6 11. Bh6 Rg8 12. Qd3 Be6 13. a3 Rg6 14. Be3
Bb6 15. Nh4 Rg4 16. g3 Qg8 17. Nf5 Bxf5 18. exf5 Nd4 19. Bxd4 Bxd4 20. c3
Bb6 21. Bc4 Qf8 22. Be6 c6 23. Qf3 Rg7 24. Kg2 d5 25. h4 Bc7 26. Rg1 e4 27.
Qe3 Be5 28. Kf1 Qd6 29. Ke2 Re8 30. g4 b6 31. g5 Rxe6 32. fxe6 Qxe6 33. gxf6
Qxf6 34. Rxg7 Qxg7 35. Rh1 Qg4+ 36. Ke1 c5 37. Qh3 Qg6 38. Qc8+ Kg7 39. h5
Qg2 40. Rh4 Qg1+ 41. Ke2 Bf6 42. Rg4+ Qxg4+ 43. Qxg4+ Kf7 44. Qd7+ Kf8 45.
Qxh7 d4 46. cxd4 Bxd4 47. Qxe4 Bxb2 48. h6 Kf7 49. h7 Bd4 50. Qb7+ Kf6 51.
h8=Q+ Ke6 52. Qe8+ Kd6 53. Qd8+ Ke5 54. Qbe7+ Kf4 55. Qdf8+ {Black resigns}
1-0

[Event "ICC Open 2015"]
[Site "Internet Chess Club"]
[Date "2015.05.30"]
[Round "11"]
[White "Palenque"]
[Black "Borknagar"]
[Result "0-1"]
[ICCResult "White forfeits on time"]
[WhiteElo "1654"]
[BlackElo "1923"]
[Opening "Scandinavian: Pytel-Wade variation"]
[ECO "B01"]
[NIC "SD.02"]
[Time "16:13:40"]
[TimeControl "180+0"]

1. e4 d5 2. exd5 Qxd5 3. Nc3 Qd6 4. d4 c6 5. g3 Nf6 6. Bf4 Qb4 7. Bg2 Qxb2
8. Bd2 Bg4 9. f3 Bf5 10. Rc1 e6 11. Nge2 Be7 12. O-O O-O 13. Ne4 Nbd7 14.
Rb1 Qxa2 15. Rxb7 Nb6 16. Rxe7 Nfd5 17. N2c3 Qa6 18. Nxd5 Nxd5 19. Rd7 Qc8
20. Rxd5 cxd5 21. Nc5 a5 22. g4 Bg6 23. h4 h6 24. h5 Bh7 25. g5 Kh8 26. gxh6
gxh6 27. Bxh6 Rg8 28. Qd2 Qd8 29. Qf4 Qe7 30. Re1 a4 31. Qe5+ f6 32. Qxe6
Qxe6 33. Rxe6 a3 34. Nb3 a2 35. Kf2 Bxc2 36. Na1 Bf5 37. Re2 Kh7 38. Bd2 Bd3
39. Re3 Bc4 40. Bc3 Rab8 41. f4 Rb1 42. Bh3 Rgg1 43. Re7+ Rg7 44. Re3 Kh6
45. Bf5 Rgg1 {White forfeits on time} 0-1

[Event "ICC Open 2015"]
[Site "Internet Chess Club"]
[Date "2015.05.30"]
[Round "11"]
[White "Hareaum"]
[Black "Pkopsa"]
[Result "1-0"]
[ICCResult "Black resigns"]
[WhiteElo "1746"]
[BlackElo "1578"]
[Opening "French defense"]
[ECO "C00"]
[NIC "FR.01"]
[Time "16:14:39"]
[TimeControl "180+0"]

1. e4 e6 2. g3 d5 3. exd5 exd5 4. Bg2 Nf6 5. Nf3 c6 6. O-O Bg4 7. Re1+ Be7
8. h3 Bh5 9. g4 Bg6 10. Ne5 Nbd7 11. d4 O-O 12. f4 h6 13. Nxg6 fxg6 14. c3
Nh7 15. Be3 g5 16. f5 Bd6 17. Bf2 Ndf6 18. Nd2 Bc7 19. Re6 Re8 20. Qe2 Nf8
21. Rxe8 Nxe8 22. Re1 Qd6 23. Qe7 Qh2+ 24. Kf1 Nf6 25. Nf3 Qf4 26. Qe3 Qd6
27. Ne5 Re8 28. Bg3 Qd8 29. Qf2 N8d7 30. Nxd7 Qxd7 31. Bxc7 Qxc7 32. Re6 Nd7
33. Rxe8+ Kh7 34. Qc2 {Black resigns} 1-0

[Event "ICC Open 2015"]
[Site "Internet Chess Club"]
[Date "2015.05.30"]
[Round "11"]
[White "TacticsTime"]
[Black "ROWLAND"]
[Result "0-1"]
[ICCResult "White checkmated"]
[WhiteElo "1349"]
[BlackElo "1732"]
[Opening "Center game"]
[ECO "C21"]
[NIC "KP.04"]
[Time "16:14:36"]
[TimeControl "180+0"]

1. e4 e5 2. d4 exd4 3. Bc4 d6 4. Nf3 Be7 5. Qxd4 Nf6 6. O-O O-O 7. Nc3 Nc6
8. Qd3 Ne5 9. Nxe5 dxe5 10. Qg3 Qd6 11. Bh6 Ne8 12. Rad1 Qxh6 13. Nd5 Bd6
14. Rd3 Be6 15. Rfd1 Bxd5 16. Bxd5 Rb8 17. Rf3 Nf6 18. h3 Nxd5 19. exd5 e4
20. Qg4 exf3 21. Qxf3 Rbe8 22. c4 b6 23. a3 a5 24. Qg4 Re7 25. Kf1 Rfe8 26.
Qf3 Qd2 27. Kg1 Re1+ 28. Rxe1 Qxe1# {White checkmated} 0-1

[Event "ICC Open 2015"]
[Site "Internet Chess Club"]
[Date "2015.05.30"]
[Round "11"]
[White "Favarin"]
[Black "legatus"]
[Result "1/2-1/2"]
[ICCResult "Black stalemated"]
[WhiteElo "1990"]
[BlackElo "2304"]
[Opening "Queen's pawn: London system"]
[ECO "A45"]
[NIC "QP.07"]
[Time "16:14:07"]
[TimeControl "180+0"]

1. d4 Nf6 2. Bf4 e6 3. e3 b6 4. h3 Bb7 5. c4 Bb4+ 6. Nc3 Ne4 7. Qc2 f5 8.
Nf3 O-O 9. Bd3 d6 10. a3 Bxc3+ 11. bxc3 Nd7 12. O-O Qe8 13. Nd2 Nxd2 14.
Qxd2 Nf6 15. f3 Qh5 16. a4 a5 17. Ra2 Rae8 18. Qf2 e5 19. dxe5 dxe5 20. Bh2
Nd7 21. Rd2 Nc5 22. Bc2 Bc6 23. Ra1 Rd8 24. Bxe5 Qg6 25. Bd4 Ne6 26. Rad1 f4
27. e4 Ng5 28. Kh2 Qh5 29. c5 Bd7 30. Bb3+ Kh8 31. Bxg7+ Kxg7 32. Rxd7+ Rxd7
33. Rxd7+ Kh6 34. cxb6 cxb6 35. Qxb6+ Qg6 36. Rd6 Kh5 37. Rxg6 hxg6 38. Qd6
Kh6 39. Qxf8+ Kh7 40. Qg8+ Kh6 41. Qh8+ Nh7 42. Bg8 Kg5 43. Qxh7 Kf6 44. Bf7
g5 45. Qf5+ Ke7 46. Bg6 Kd8 47. Qe6 Kc7 48. Qa6 Kd7 49. Qxa5 Ke6 50. Qxg5
Kd6 51. Qxf4+ Kc5 52. Qe3+ Kc4 53. Qd4+ Kb3 54. Bf7+ Kc2 55. c4 Kb3 56. c5+
Ka3 57. c6 {Black stalemated} 1/2-1/2

[Event "ICC Open 2015"]
[Site "Internet Chess Club"]
[Date "2015.05.30"]
[Round "11"]
[White "QuintilianoR"]
[Black "Ancient"]
[Result "1-0"]
[ICCResult "Black resigns"]
[WhiteElo "2516"]
[BlackElo "2128"]
[Opening "QGD: 4.Nf3"]
[ECO "D37"]
[NIC "QO.17"]
[Time "16:14:16"]
[TimeControl "180+0"]

1. d4 e6 2. c4 d5 3. Nf3 Nf6 4. Nc3 Nbd7 5. Bf4 Be7 6. e3 O-O 7. c5 c6 8. b4
a5 9. a3 b6 10. b5 Bb7 11. bxc6 Bxc6 12. cxb6 Nxb6 13. Bd3 Rc8 14. O-O Nh5
15. Be5 f6 16. Bg3 Nxg3 17. hxg3 Qd7 18. a4 Bb4 19. Nb5 Nxa4 20. Qxa4 Rb8
21. Qc2 Bxb5 22. Bxh7+ Kh8 23. Bd3 Rfc8 24. Bxb5 Qxb5 25. Qg6 Qe8 26. Qg4 a4
27. Kh2 a3 28. Rh1 Kg8 29. Kg1 Bf8 30. Nh4 Qb5 31. Qxe6+ {Black resigns} 1-0

[Event "ICC Open 2015"]
[Site "Internet Chess Club"]
[Date "2015.05.30"]
[Round "11"]
[White "aplusk"]
[Black "Kastor"]
[Result "1-0"]
[ICCResult "Black resigns"]
[WhiteElo "2937"]
[BlackElo "2904"]
[Opening "Nimzovich-Larsen attack: English variation"]
[ECO "A01"]
[NIC "VO.08"]
[Time "16:13:52"]
[TimeControl "180+0"]

1. b3 c5 2. Bb2 Nc6 3. e3 Nf6 4. Nf3 e6 5. g3 b6 6. Bg2 Bb7 7. O-O Be7 8. c4
O-O 9. d4 cxd4 10. Nxd4 Qc8 11. Nc3 Ne5 12. f4 Nc6 13. Qe2 Rd8 14. Nxc6 Bxc6
15. Rac1 Qb7 16. Bxc6 Qxc6 17. Rfd1 d6 18. Qg2 Qc8 19. Ne4 Ne8 20. Qf3 a6
21. Kg2 Rb8 22. Rd2 Qb7 23. Nf2 Qc7 24. Ne4 Rbc8 25. Rcc2 h6 26. Nf2 Qb8 27.
h3 Bf6 28. Bxf6 Nxf6 29. g4 b5 30. h4 bxc4 31. bxc4 Nd7 32. g5 hxg5 33. hxg5
Nc5 34. Ne4 Qc7 35. Ng3 g6 36. Rb2 Rb8 37. Ne4 Nxe4 38. Qxe4 Rdc8 39. Rxb8
Rxb8 40. Qd4 Rb6 41. Kg3 Rc6 42. Rh2 e5 43. fxe5 dxe5 44. Qh4 e4+ 45. Kg4
Qe5 46. Qh7+ Kf8 47. Qh8+ Qxh8 48. Rxh8+ Ke7 49. Ra8 Rxc4 50. Rxa6 Rc5 51.
a4 Rc3 52. Kf4 Rc5 53. Rb6 Rf5+ 54. Kg4 Ra5 55. Rb4 Re5 56. Kf4 Rf5+ 57. Kg4
Re5 58. Rb5 Re6 59. Kf4 f5 60. gxf6+ Kxf6 61. a5 Re7 62. Rb6+ Kf7 63. a6 g5+
64. Kf5 {Black resigns} 1-0

[Event "ICC Open 2015"]
[Site "Internet Chess Club"]
[Date "2015.05.30"]
[Round "11"]
[White "vicmel"]
[Black "pasco84"]
[Result "0-1"]
[ICCResult "White forfeits on time"]
[WhiteElo "1894"]
[BlackElo "1812"]
[Opening "Ruy Lopez: Alapin's defense"]
[ECO "C60"]
[NIC "RL.01"]
[Time "16:13:48"]
[TimeControl "180+0"]

1. e4 e5 2. Nf3 Nc6 3. Bb5 Bb4 4. c3 Ba5 5. O-O Nge7 6. d4 exd4 7. cxd4 d5
8. e5 h6 9. h3 O-O 10. Nc3 f6 11. exf6 Rxf6 12. Ba4 Qf8 13. Bc2 Bxh3 14. Ne5
Bf5 15. Bb3 Bxc3 16. bxc3 Rd8 17. Ba3 Qe8 18. Re1 Ng6 19. Ng4 Qd7 20. Nxf6+
gxf6 21. Qf3 Kh7 22. Re3 Be4 23. Qh5 Nf4 24. Qh4 Nxg2 25. Qxf6 Nxe3 26. fxe3
Qg4+ 27. Kf2 Qg2+ 28. Ke1 Rg8 29. Bd1 Qh1+ 30. Kd2 Rg1 31. Qf7+ Rg7 32. Qf4
Qg2+ 33. Kc1 Bg6 34. Rb1 Bxb1 35. Kxb1 Qg1 36. Kc1 Ne7 37. Bxe7 Rxe7 38.
Qf5+ Qg6 39. Qxd5 Rxe3 40. Bc2 Re1+ 41. Kb2 Re2 42. Qd7+ Kh8 43. Qd8+ Qg8
44. Qf6+ Qg7 45. Qd8+ Qg8 46. Qf6+ Qg7 47. Qd8+ Re8 {White forfeits on time}
0-1

[Event "ICC Open 2015"]
[Site "Internet Chess Club"]
[Date "2015.05.30"]
[Round "11"]
[White "Ricardov"]
[Black "Adonis"]
[Result "0-1"]
[ICCResult "White resigns"]
[WhiteElo "2313"]
[BlackElo "2646"]
[Opening "Sicilian: Najdorf, Byrne (English) attack"]
[ECO "B90"]
[NIC "SI.14"]
[Time "16:14:40"]
[TimeControl "180+0"]

1. e4 c5 2. Nf3 d6 3. d4 cxd4 4. Nxd4 Nf6 5. Nc3 a6 6. Be3 e5 7. Nb3 Be7 8.
Nd5 Nxd5 9. exd5 O-O 10. c4 f5 11. f3 Nd7 12. Bd3 Nf6 13. O-O Bd7 14. c5 Kh8
15. Rc1 Nxd5 16. Bf2 Nf4 17. cxd6 Bxd6 18. Re1 Qg5 19. Bg3 Rad8 20. Bb1 Bb5
21. Bxf4 Qxf4 22. Qc2 e4 23. fxe4 Qxh2+ 24. Kf2 fxe4+ 25. Ke3 Qf4+
{White resigns}
0-1

[Event "ICC Open 2015"]
[Site "Internet Chess Club"]
[Date "2015.05.30"]
[Round "11"]
[White "suilven"]
[Black "born2die"]
[Result "0-1"]
[ICCResult "White forfeits on time"]
[WhiteElo "1781"]
[BlackElo "1641"]
[Opening "Scandinavian (center counter) defense"]
[ECO "B01"]
[NIC "VO.17"]
[Time "16:13:26"]
[TimeControl "180+0"]

1. e4 d5 2. e5 Bf5 3. d4 e6 4. Bd3 Bg6 5. Ne2 c5 6. O-O Nc6 7. c3 Qb6 8. Na3
Nf6 9. exf6 gxf6 10. Be3 c4 11. Bc2 Bd6 12. Bf4 e5 13. dxe5 fxe5 14. Bg3 f5
15. Re1 O-O-O 16. Nd4 exd4 17. Bxd6 Rxd6 18. cxd4 Qxd4 19. Qf3 Ne5 20. Rxe5
Qxe5 21. Nb5 Re6 22. h3 a6 23. Nc3 d4 24. Na4 d3 25. Bd1 Qe4 26. Qg3 f4 27.
Qg5 h6 28. Qa5 Qc6 29. Nc5 Re5 30. b4 cxb3 31. Bg4+ Kb8 32. Nd7+ Ka7 33.
Qxe5 d2 34. Qd4+ b6 35. Qxd2 Rd8 36. Qd4 b2 {White forfeits on time} 0-1

[Event "ICC Open 2015"]
[Site "Internet Chess Club"]
[Date "2015.05.30"]
[Round "11"]
[White "geom"]
[Black "chesstempo2"]
[Result "0-1"]
[ICCResult "White forfeits on time"]
[WhiteElo "1753"]
[BlackElo "1982"]
[Opening "French: advance, Milner-Barry gambit"]
[ECO "C02"]
[NIC "FR.03"]
[Time "16:13:22"]
[TimeControl "180+0"]

1. e4 e6 2. d4 d5 3. e5 c5 4. c3 Nc6 5. Nf3 Qb6 6. Bd3 Bd7 7. O-O cxd4 8.
cxd4 Nxd4 9. Ng5 h6 10. Qh5 hxg5 11. Qxh8 Nh6 12. Bxg5 Qxb2 13. Nd2 Qc3 14.
Bh7 Nc6 15. Nb3 Qxe5 16. Bxh6 gxh6 17. Qxe5 Nxe5 18. Rac1 Nc4 19. Bd3 b5 20.
Nd4 Bc5 21. Nb3 Bd6 22. Rfe1 Ke7 23. g3 h5 24. Nd4 Kf6 25. a4 a6 26. axb5
axb5 27. Rb1 b4 28. Rec1 Be5 29. Bxc4 Bxd4 30. Bb3 Bc3 31. Rd1 d4 32. Bc4
Rc8 33. Be2 Ba4 34. Rdc1 e5 35. Bd3 Bc6 36. h4 e4 37. Bf1 Ke5 38. Bg2 f5 39.
Rb3 Bd5 40. Rbb1 b3 41. f4+ Ke6 42. Bf1 Rb8 43. Ra1 b2 44. Rab1 bxc1=Q 45.
Rxc1 Rb2 46. Rd1 d3 47. Bg2 Kd6 48. g4 hxg4 49. h5 Kc5 50. h6 Kd4 51. h7 Rb8
52. h8=Q+ Rxh8 53. Bh1 e3 54. Bg2 e2 55. Ra1 Bxg2 56. Kxg2 Ke3 57. Rh1 e1=Q
{White forfeits on time}
0-1

[Event "ICC Open 2015"]
[Site "Internet Chess Club"]
[Date "2015.05.30"]
[Round "11"]
[White "Piranha"]
[Black "klodshans"]
[Result "0-1"]
[ICCResult "White resigns"]
[WhiteElo "1686"]
[BlackElo "1651"]
[Opening "French: Winawer (Nimzovich) variation"]
[ECO "C15"]
[NIC "FR.08"]
[Time "16:14:11"]
[TimeControl "180+0"]

1. e4 e6 2. d4 d5 3. Nc3 Bb4 4. exd5 Qxd5 5. Nf3 Nf6 6. Bd3 c5 7. dxc5 Bxc3+
8. bxc3 Qxc5 9. O-O O-O 10. c4 Nc6 11. Bb2 Qe7 12. Re1 Bd7 13. Qe2 Rfe8 14.
Rad1 Rad8 15. Ne5 Nb4 16. a3 Nxd3 17. cxd3 Ba4 18. Rb1 a6 19. d4 b5 20. c5
Nd5 21. Qg4 f6 22. Nf3 f5 23. Qh5 Nf4 24. Qg5 Nd3 25. Rf1 Qxg5 26. Nxg5 Nxb2
27. Rxb2 h6 28. Nf3 Rd5 29. Re2 g5 30. Rfe1 Kf7 31. Ne5+ Kg7 32. g3 Bb3 33.
Nf3 Bc4 34. Rd2 Kf6 35. Re5 a5 36. h3 a4 37. Rc2 Bb3 38. Rb2 Rxe5 39. Nxe5
Rd8 40. Nf3 g4 41. hxg4 fxg4 42. Ne5 Rxd4 43. Nc6 Rd1+ 44. Kh2 Bd5
{White resigns}
0-1

[Event "ICC Open 2015"]
[Site "Internet Chess Club"]
[Date "2015.05.30"]
[Round "11"]
[White "Willy809"]
[Black "chessrex"]
[Result "0-1"]
[ICCResult "White forfeits on time"]
[WhiteElo "1704"]
[BlackElo "2072"]
[Opening "Queen's pawn: Charlick (Englund) gambit"]
[ECO "A40"]
[NIC "QO.17"]
[Time "16:14:09"]
[TimeControl "180+0"]

1. d4 e5 2. c4 exd4 3. e3 dxe3 4. Bxe3 Nf6 5. Nf3 d5 6. cxd5 Qxd5 7. Qc2 Nc6
8. Nc3 Bb4 9. Rd1 Qf5 10. Bd3 Qg4 11. O-O O-O 12. Nb5 Ba5 13. h3 Qh5 14.
Nbd4 Nxd4 15. Nxd4 Bb6 16. Be2 Qg6 17. Bd3 Qh5 18. Be2 Qh4 19. Nf3 Qe4 20.
Bd3 Qb4 21. a3 Qa5 22. Nd4 Qc5 23. Qd2 Qh5 24. Be2 Qd5 25. Bf3 Qd8 26. Qb4
c5 27. Qb3 cxd4 28. Bg5 Be6 29. Qd3 Qd7 30. Bxf6 gxf6 31. Bh5 Bf5 32. Qf3
Bg6 33. Bg4 f5 34. Bh5 Bxh5 35. Qxh5 Qe6 36. Rd3 Bc7 37. Rc1 Be5 38. f4 Bg7
39. Rg3 Kh8 {White forfeits on time} 0-1